 Dungeon Crawl Stone Soup version 0.25.0-11-g1f837a76a1 (webtiles) character file.

Game seed: 7114078644182823133

17194 Doot the Frost Mage (level 12, -9/83 HPs)
             Began as a Merfolk Ice Elementalist on June 24, 2020.
             Was a Priest of Sif Muna.
             Killed from afar by Erolcha (45 damage)
             ... with a crystal spear
             ... on level 12 of the Dungeon on June 25, 2020.
             The game lasted 00:37:25 (14644 turns).

Doot the Frost Mage (Merfolk Ice Elementalist)     Turns: 14644, Time: 00:37:28

Health: -9/83      AC: 15    Str:  8    XL:     12   Next: 45%
Magic:  0/27       EV: 15    Int: 19    God:    Sif Muna [***...]
Gold:   370        SH:  0    Dex: 22    Spells: 18/33 levels left

rFire    . . .     SeeInvis .   k - +7 flail "Wumperue" {holy, rPois}
rCold    + + .     Gourm    .   (no shield)
rNeg     . . .     Faith    .   s - +2 leather armour {rC+}
rPois    +         Spirit   +   D - +0 helmet
rElec    .         Reflect  .   n - scarf {rC+ rF+}
rCorr    .         Harm     .   (no gloves)
MR       +....                  (no boots)
Stlth    +++.......             J - amulet of guardian spirit
HPRegen  0.23/turn              I - ring "Atistaaj" {rC- MR+ Dex+7}
MPRegen  0.20/turn              K - ring of ice

@: icy armour, frozen ramparts
A: change form in water, swift swim, stealthy swim
a: Channel Magic, Forget Spell, Renounce Religion


You were on level 12 of the Dungeon.
You worshipped Sif Muna.
Sif Muna was most pleased with you.
You were not hungry.

You visited 2 branches of the dungeon, and saw 13 of its levels.
You also visited: Gauntlet.

You collected 695 gold pieces.
You spent 325 gold pieces at shops.

Inventory:

Hand Weapons
 k - the +7 flail "Wumperue" (weapon) {holy, rPois}
   (You found it on level 6 of the Dungeon)

   It has been blessed by the Shining One to cause great damage to the undead
   and demons.
   It protects you from poison.
 m - the +2 rapier "Geshig" {flame, rPois}
   (You found it on level 4 of the Dungeon)

   It has been specially enchanted to burn those struck by it, causing extra
   injury to most foes and up to half again as much damage against particularly
   susceptible opponents.
   It protects you from poison.
 r - a -1 spear
 C - a +3 vorpal trident
 T - the +3 great sword of Vanity {freeze, rC+ MR+ Str-4}
   (You took it off a minotaur in a Gauntlet)

   It has been specially enchanted to freeze those struck by it, causing extra
   injury to most foes and up to half again as much damage against particularly
   susceptible opponents.
   It can also slow down cold-blooded creatures.
   It affects your strength (-4).
   It protects you from cold.
   It affects your resistance to hostile enchantments.
Missiles
 X - 9 silver javelins (quivered)
Armour
 n - a scarf of resistance (worn)
 s - a +2 leather armour of cold resistance (worn)
 D - a +0 helmet (worn)
 O - +0 storm dragon scales
 R - a scarf of harm
 V - a +1 chain mail of fire resistance
 W - a +0 kite shield
Magical Staves
 Q - an uncursed staff of poison
Jewellery
 a - the ring "Defot" {rC+ rN+ Str+3 Dex+2}
   (You found it in a Gauntlet)

   [ring of positive energy]

   It affects your strength (+3).
   It affects your dexterity (+2).
   It protects you from cold.
   It protects you from negative energy.
 B - a +6 ring of strength
 I - the ring "Atistaaj" (left hand) {rC- MR+ Dex+7}
   (You took it off a minotaur in a Gauntlet)

   [ring of protection from magic]

   It affects your dexterity (+7).
   It makes you vulnerable to cold.
   It affects your resistance to hostile enchantments.
 J - an amulet of guardian spirit (around neck)
 K - a ring of ice (right hand)
 M - a +4 ring of protection
 P - an uncursed ring of poison resistance
Wands
 t - a wand of disintegration (20)
 u - a wand of enslavement (7)
 v - a wand of iceblast (22)
 x - a wand of clouds (4)
 L - a wand of paralysis (9)
Scrolls
 e - 9 scrolls of identify
 f - 5 scrolls of teleportation
 g - 6 scrolls of amnesia
 i - 3 scrolls of fog
 o - 4 scrolls of enchant weapon {unknown}
 p - a scroll of immolation {unknown}
 q - a scroll of random uselessness {unknown}
 y - 2 scrolls of remove curse
 E - a scroll of fear {unknown}
 N - a scroll of enchant armour {unknown}
 S - 2 scrolls of magic mapping {unknown}
Potions
 b - 2 potions of ambrosia {unknown}
 d - a potion of flight {unknown}
 h - 2 potions of degeneration {unknown}
 j - 2 potions of mutation
 l - 3 potions of haste {unknown}
 w - 2 potions of magic {unknown}
 z - a potion of invisibility {unknown}
 A - 3 potions of brilliance {unknown}
 F - a potion of lignification {unknown}
 G - a potion of might {unknown}
 H - 2 potions of heal wounds {unknown}
Comestibles
 c - 15 rations
 U - 4 chunks of flesh


   Skills:
 + Level 4.2 Fighting
 + Level 0.6 Short Blades
 + Level 3.1 Maces & Flails
 + Level 1.7 Polearms
 + Level 3.3 Armour
 + Level 5.2 Dodging
 + Level 5.6 Stealth
 + Level 0.3 Unarmed Combat
 + Level 11.3 Spellcasting
 + Level 0.2 Conjurations
 + Level 1.8 Charms
 + Level 6.3 Summonings
 + Level 12.4 Ice Magic
 + Level 1.7 Evocations


You had 18 spell levels left.
You knew the following spells:

 Your Spells              Type           Power        Failure   Level  Hunger
a - Freeze                Ice            ####         1%          1    None
b - Frozen Ramparts       Ice            ######       1%          3    None
c - Summon Ice Beast      Ice/Summ       ######..     1%          4    ##.....
d - Ozocubu's Armour      Chrm/Ice       ######..     1%          3    None
e - Hailstorm             Conj/Ice       ######..     7%          4    ##.....

Your spell library contained the following spells:

 Spells                   Type           Power        Failure   Level  Hunger
 Summon Butterflies       Summ           ####....     1%          1    None
 Foxfire                  Conj/Fire      ##..         9%          1    None
 Shock                    Conj/Air       ##..         9%          1    None
 Apportation              Tloc           ##....       10%         1    None
 Swiftness                Chrm/Air       ##......     10%         2    None
 Static Discharge         Conj/Air       ##......     26%         3    None
 Ignite Poison            Fire/Tmut/Pois ##......     28%         3    None
 Lesser Beckoning         Tloc           ##........   28%         3    None
 Spider Form              Tmut/Pois      ##........   28%         3    None
 Tukima's Dance           Hex            ##......     28%         3    None
 Airstrike                Air            ##........   67%         4    ##.....
 Bolt of Magma            Conj/Fire/Erth ##........   94%         5    ####...
 Lightning Bolt           Conj/Air       ##........   94%         5    ####...
 Alistair's Intoxication  Tmut/Pois      ##......     95%         5    ####...
 Invisibility             Hex            ##......     100%        6    ######.


Dungeon Overview and Level Annotations

Branches:
Dungeon (12/15)            Temple (1/1) D:6            Lair (0/6) D:8
    Orc (0/2) D:10        Gauntlet (visited)

Altars:
Ashenzari
Cheibriados
Dithmenos
Elyvilon
Fedhas
Gozag
Hepliaklqana
Kikubaaqudgha
Makhleb
Nemelex Xobeh
Okawaru
Qazlal
Ru
Sif Muna
Trog
Uskayaw
Vehumet
Wu Jian
Xom
Yredelemnul
Zin
The Shining One

Shops:
D:4 =[   D:6 (

Annotations:
D:5 3 runed translucent doors, FabianWz's ghost, novice DECj
D:6 Grinder
D:9 2 transporters, Bapho's ghost, journeyman MiBe
D:12 Erolcha


Message History

You kill the purple ugly thing!
Sif Muna accepts your kill.
Erolcha resists.
The wall freezes Erolcha.
Erolcha gestures at you while chanting. The crystal spear hits you!!
Your ice beast hits Erolcha.
Your ice beast freezes Erolcha!
Erolcha resists.
Your ice beast hits Erolcha but does no damage.
Casting: Freeze (safe; 1% risk of failure)
Confirm with . or Enter, or press ? or * to list all spells.
Aiming: Freeze (safe; 1% risk of failure)
Press: ? - help, Shift-Dir - straight line, f - Erolcha
Aim: Erolcha, wielding a +0 giant club and wearing a +2 robe of cold resistance (heavily wounded)
You feel a surge of power!
Erolcha resists.
You freeze Erolcha.
Erolcha is heavily wounded.
Erolcha completely resists.
The wall freezes Erolcha but do no damage.
Erolcha gestures at you while chanting. The crystal spear hits you!!!
Ouch! That really hurt!
You die...

#..........#
#.....<....#
#....[.....# ..#
#..........# ..#
#..........# ..#
#.......>..# ..#
#..........# ..#
#..........#######..#
#.............@.Y...#
#.............YO....#
#...#####..######...#
#...# #..# #...#
#...# #..# #...#
#...# #..# #...#
###...# #..# #...#
......# #..# #...#
......# #..# #...#


You could see Erolcha and 2 friendly ice beasts.

Vanquished Creatures
  A minotaur (Gauntlet)
  Harold (D:11)
  A hydra (D:11)
  6 death yaks (Gauntlet)
  An unseen horror (D:10)
  A wizard (Gauntlet)
  A necromancer (Gauntlet)
  2 ugly things
  A cyclops (D:11)
  Maggie (D:8)
  2 trolls
  A hippogriff (D:8)
  A wraith (D:11)
  2 yaks (D:8)
  Eustachio (D:5)
  A steam dragon (D:10)
  2 hungry ghosts
  Menkaure (D:5)
  An acid dragon (D:11)
  A nameless horror (D:5)
  2 porcupines (D:8)
  Duvessa (D:6)
  6 orc warriors
  A sky beast (D:9)
  5 black bears (D:8)
  2 phantoms
  A hornet zombie (D:7)
  2 necrophages
  A wolf (Gauntlet)
  6 ogres
  A centaur (D:7)
  A crocodile (D:8)
  4 bullfrogs
  Dowan (D:6)
  2 scorpions
  8 killer bees
  2 howler monkeys
  3 crimson imps
  3 hounds
  A quasit (D:5)
  3 jellies
  9 orc priests
  A centaur skeleton (D:7)
  3 bullfrog skeletons
  Terence (D:3)
  4 orc wizards
  5 worker ants
  A killer bee zombie (D:8)
  A hound zombie (D:6)
  Robin (D:2)
  A howler monkey zombie (D:9)
  4 gnolls (D:3)
  11 adders
  4 shadow imps
  A white imp (Gauntlet)
  An ooze (D:4)
  2 adder zombies
  A worm (D:3)
  3 dart slugs
  8 leopard geckos
  30 orcs
  A ball python (D:3)
  7 bats
  8 giant cockroaches
  13 hobgoblins
  6 jackals
  4 kobolds
  3 quokkas
  3 frilled lizards
  13 goblins
  A jackal skeleton (D:6)
  A jackal zombie (D:4)
  A quokka skeleton (D:4)
  A quokka zombie (D:7)
  6 rats
  A fungus (D:8)
246 creatures vanquished.

Vanquished Creatures (collateral kills)
  Gastronok (D:10)
  A two-headed ogre (D:9)
  A necromancer (Gauntlet)
  A cyclops (D:11)
  A hippogriff (D:8)
  A wyvern (D:11)
  An ogre (D:11)
  2 wolves (Gauntlet)
  A wight (D:8)
  An orc wizard (D:9)
  A worker ant (D:11)
  An orc (D:11)
13 creatures vanquished.

Vanquished Creatures (others)
  A goblin (D:3)
  17 fungi (D:8)
  5 plants (D:8)
23 creatures vanquished.

Grand Total: 282 creatures vanquished

Notes
Turn   | Place    | Note
-------+----------+-------------------------------------------
     0 | D:1      | Doot the Merfolk Ice Elementalist began the quest for the
                  | Orb.
     0 | D:1      | Reached XP level 1. HP: 13/13 MP: 3/3
   151 | D:1      | Reached XP level 2. HP: 16/19 MP: 0/5
   331 | D:1      | Reached skill level 5 in Ice Magic
   530 | D:1      | Reached XP level 3. HP: 12/24 MP: 2/6
   678 | D:1      | Learned a level 3 spell: Frozen Ramparts
   774 | D:1      | Found a shimmering altar of Xom.
   985 | D:2      | Found a stormy altar of Qazlal.
   985 | D:2      | Found a bloodstained altar of Trog.
   986 | D:2      | Found a shadowy altar of Dithmenos.
   988 | D:2      | Found a blossoming altar of Fedhas.
   989 | D:2      | Found an ornate altar of the Wu Jian Council.
  1595 | D:2      | Noticed Robin
  1648 | D:3      | Reached XP level 4. HP: 30/30 MP: 4/8
  1817 | D:4      | Found Kyrel's Antique Armour Boutique.
  1900 | D:4      | Reached XP level 5. HP: 35/35 MP: 5/10
  2031 | D:4      | Noticed an ogre
  2091 | D:4      | Killed an ogre
  2091 | D:4      | Reached skill level 6 in Ice Magic
  2300 | D:4      | Found a basalt altar of Yredelemnul.
  2317 | D:4      | Found Kuguriha's Jewellery Boutique.
  2323 | D:4      | Found a sparkling altar of Nemelex Xobeh.
  2332 | D:4      | Got an ivory rapier
  2333 | D:4      | Identified the cursed +2 rapier "Geshig" {flame, rPois}
                  | (You found it on level 4 of the Dungeon)
  2337 | D:4      | Reached XP level 6. HP: 23/41 MP: 5/11
  2358 | D:4      | Learned a level 4 spell: Summon Ice Beast
  3022 | D:4      | Reached skill level 7 in Ice Magic
  3022 | D:4      | Reached XP level 7. HP: 24/46 MP: 6/14
  3290 | D:4      | Learned a level 3 spell: Ozocubu's Armour
  3291 | D:5      | Entered Level 5 of the Dungeon
  3344 | D:5      | Reached skill level 1 in Polearms
  3644 | D:5      | Found a runed translucent gate.
  3645 | D:5      | Found a runed translucent gate.
  3645 | D:5      | Found a runed translucent gate.
  3675 | D:5      | Reached skill level 1 in Fighting
  3692 | D:5      | Noticed Eustachio
  3894 | D:5      | Killed Eustachio
  4054 | D:5      | Noticed Menkaure
  4469 | D:6      | Noticed Grinder
  4719 | D:6      | Got a crude flail
  4719 | D:6      | Identified the +7 flail "Wumperue" {holy, rPois} (You found
                  | it on level 6 of the Dungeon)
  5117 | D:5      | Noticed FabianWz's ghost (novice DECj)
  5394 | D:5      | Noticed a nameless horror
  5402 | D:5      | Killed a nameless horror
  5481 | D:5      | Killed Menkaure
  5481 | D:5      | Reached skill level 1 in Armour
  5481 | D:5      | Reached skill level 5 in Spellcasting
  5481 | D:5      | Reached XP level 8. HP: 31/56 MP: 8/15
  6203 | D:7      | Reached skill level 1 in Summonings
  6628 | D:6      | Noticed Dowan
  6650 | D:6      | Found a staircase to the Ecumenical Temple.
  6667 | D:6      | Noticed Duvessa
  6697 | Temple   | Entered the Ecumenical Temple
  6858 | Temple   | Became a worshipper of Sif Muna the Loreminder
  7019 | D:3      | Reached skill level 8 in Ice Magic
  7474 | D:3      | Reached * piety under Sif Muna
  7574 | D:3      | Noticed Terence
  7582 | D:3      | Killed Terence
  7804 | D:2      | Killed Robin
  7997 | D:6      | Reached skill level 1 in Maces & Flails
  8092 | D:6      | Found Taek's Antique Weapon Shoppe.
  8230 | D:6      | Killed Dowan
  8234 | D:6      | Killed Duvessa
  8440 | D:7      | Reached XP level 9. HP: 62/62 MP: 18/18
  8836 | D:8      | Learned a level 4 spell: Hailstorm
  8861 | D:8      | Found a staircase to the Lair.
  8954 | D:8      | Reached skill level 9 in Ice Magic
  8987 | D:8      | Noticed Maggie
  8989 | D:8      | Reached XP level 10. HP: 56/70 MP: 5/21
  9155 | D:8      | Killed Maggie
  9155 | D:8      | Reached ** piety under Sif Muna
  9843 | D:9      | Noticed a two-headed ogre
  9875 | D:9      | Killed a two-headed ogre
  9875 | D:9      | Reached skill level 5 in Summonings
  9875 | D:9      | Reached skill level 10 in Ice Magic
 10054 | D:9      | Found a white marble altar of Elyvilon.
 10553 | D:9      | Found a transporter.
 10556 | D:9      | Noticed a cyclops
 10573 | D:9      | Noticed Bapho's ghost (journeyman MiBe)
 10582 | D:9      | Found a transporter.
 10823 | D:10     | Entered Level 10 of the Dungeon
 11122 | D:10     | Found a staircase to the Orcish Mines.
 11374 | D:10     | Killed an unseen horror
 11374 | D:10     | Reached XP level 11. HP: 60/75 MP: 13/24
 11511 | D:4      | Bought an uncursed ring of ice for 325 gold pieces
 11982 | D:10     | Noticed Gastronok
 12150 | D:10     | Killed Gastronok
 12535 | D:11     | Noticed Harold
 12548 | D:11     | Killed Harold
 12548 | D:11     | Reached skill level 5 in Stealth
 12550 | D:11     | Reached skill level 11 in Ice Magic
 12561 | D:11     | Noticed an eight-headed hydra
 12562 | D:11     | Reached *** piety under Sif Muna
 12565 | D:11     | Noticed a purple ugly thing
 12569 | D:11     | Noticed a cyclops
 12636 | D:11     | Noticed a cyclops
 12645 | D:11     | Reached skill level 10 in Spellcasting
 12773 | D:11     | Killed an eight-headed hydra
 12806 | D:11     | Killed a cyclops
 12839 | D:11     | Killed a cyclops
 12919 | D:11     | Found a gate leading to a gauntlet.
 12926 | Gauntlet | Entered a Gauntlet
 12926 | Gauntlet | Found a runed translucent door.
 12926 | Gauntlet | Found a transporter.
 12926 | Gauntlet | Found a runed translucent door.
 12926 | Gauntlet | Found a transporter.
 12926 | Gauntlet | Noticed a wizard
 12935 | Gauntlet | Noticed a queen ant
 12982 | Gauntlet | Found a transporter.
 12999 | Gauntlet | Found a transporter.
 12999 | Gauntlet | Found a transporter.
 13001 | Gauntlet | Found a transporter.
 13001 | Gauntlet | Found a transporter.
 13003 | Gauntlet | Found a transporter.
 13003 | Gauntlet | Noticed a thrashing horror
 13003 | Gauntlet | Noticed a thrashing horror
 13004 | Gauntlet | Noticed a spectral death yak
 13005 | Gauntlet | Found a runed translucent door.
 13005 | Gauntlet | Noticed a death scarab
 13010 | Gauntlet | Found a runed translucent door.
 13010 | Gauntlet | Noticed a death scarab
 13012 | Gauntlet | Found a transporter.
 13028 | Gauntlet | Found a transporter.
 13035 | Gauntlet | Noticed a necromancer
 13035 | Gauntlet | Noticed a death yak
 13036 | Gauntlet | Noticed a death yak
 13037 | Gauntlet | Noticed a death yak
 13037 | Gauntlet | Noticed a death yak
 13038 | Gauntlet | Found a transporter.
 13038 | Gauntlet | Noticed a death yak
 13047 | Gauntlet | Noticed a death yak
 13052 | Gauntlet | Found a transporter.
 13072 | Gauntlet | Found a transporter.
 13074 | Gauntlet | Found a runed translucent gate.
 13074 | Gauntlet | Found a runed translucent gate.
 13074 | Gauntlet | Found a runed translucent gate.
 13074 | Gauntlet | Noticed a worldbinder
 13083 | Gauntlet | Found a transporter.
 13167 | Gauntlet | Noticed a necromancer
 13292 | Gauntlet | Killed a wizard
 13292 | Gauntlet | Reached skill level 1 in Charms
 13304 | Gauntlet | Got a crude bronze ring
 13338 | Gauntlet | Identified the ring "Defot" {rC+ rN+ Str+3 Dex+2} (You
                  | found it in a Gauntlet)
 13416 | Gauntlet | Killed a necromancer
 13597 | Gauntlet | Killed a death yak
 13599 | Gauntlet | Killed a necromancer
 13601 | Gauntlet | Killed a death yak
 13601 | Gauntlet | Reached skill level 5 in Dodging
 13601 | Gauntlet | Reached XP level 12. HP: 32/83 MP: 1/26
 13601 | Gauntlet | Killed a death yak
 13601 | Gauntlet | Reached skill level 12 in Ice Magic
 13602 | Gauntlet | Killed a death yak
 13604 | Gauntlet | Killed a death yak
 13604 | Gauntlet | Reached skill level 1 in Evocations
 13606 | Gauntlet | Killed a death yak
 13843 | Gauntlet | Identified the +3 great sword of Vanity {freeze, rC+ MR+
                  | Str-4}
 13843 | Gauntlet | Identified the ring "Atistaaj" {rC- MR+ Dex+7}
 13843 | Gauntlet | Noticed a minotaur
 13871 | Gauntlet | Killed a minotaur
 13922 | Gauntlet | Identified the Papyrus of Venomous Ignition
 14633 | D:12     | Noticed Erolcha
 14644 | D:12     | Killed from afar by Erolcha

Illustrated notes

Levels and vault maps discovered:
D:1:      dpeg_arrival_simpleton_c, layout_rooms, xom_teletrap_fun
D:2:      layout_basic, grunt_temple_overflow_open, uniq_robin
D:3:      layout_loops_ring, first_ration, serial_bayou_pond_b, uniq_terence
D:4:      layout_basic, kennysheep_mini_moat, serial_rivers,
          chequers_serial_rivers_room_a, chequers_serial_rivers_micro_a,
          chequers_serial_rivers_large_a, chequers_serial_rivers_small_b,
          chequers_serial_rivers_room_b, serial_shops, shop, kennysheep_mini,
          corexii_hall_statues_t, yredelemnul_altar_generic
D:5:      layout_cave_pods, gammafunk_ghost_icy, uniq_eustachio, uniq_menkaure
D:6:      layout_loops_ring, temple_doors_e, serial_shops, shop_statue,
          uniq_duvessa, uniq_grinder
D:7:      layout_gridville
D:8:      layout_cave_pools, due_lair_maze_entry_diamond,
          hangedman_decor_diamond_cutter, uniq_maggie
D:9:      layout_small_grid, gammafunk_ghost_arena, elyvilon_altar_5
D:10:     layout_stronghold, david_orc_3, serial_column_ruins,
          column_ruins_square_large, column_ruins_grid_4,
          column_ruins_corridor_plus, column_ruins_columns_straight,
          uniq_gastronok
D:11:     layout_rooms, gauntlet_entry_generic, grunt_decor_arrowhead,
          uniq_harold
D:12:     layout_long_grid, uniq_erolcha
Temple:   regret_index_temple_sphere_string

Skill      XL: |  1  2  3  4  5  6  7  8  9 10 11 12 |
---------------+-------------------------------------+-----
Ice Magic      | 5 6 7 8 9 10 11 12 | 12.4
Spellcasting   | 3 4 5 6 7 9 10 11 | 11.3
Dodging        | 3 4 5 |  5.2
Polearms       | 1 |  1.7
Fighting       | 1 2 3 4 |  4.2
Armour         | 1 2 3 |  3.3
Stealth        | 3 4 5 |  5.6
Summonings     | 2 4 5 6 |  6.3
Maces & Flails | 1 2 3 |  3.1
Charms         | 1 |  1.8
Evocations     | 1 |  1.7
Short Blades   | |  0.6
Unarmed Combat | |  0.3
Conjurations   | |  0.2

Action                   |  1- 3 |  4- 6 |  7- 9 | 10-12 || total
-------------------------+-------+-------+-------+-------++-------
Melee: Unarmed           |     5 |     5 |       |       ||    10
       Spear             |       |    30 |    36 |       ||    66
       Rapier            |       |     4 |       |       ||     4
       Tailslap          |       |     1 |       |       ||     1
       Flail             |       |       |    50 |    62 ||   112
       Punch             |       |       |     1 |       ||     1
 Cast: Freeze            |    57 |    19 |    68 |    52 ||   196
       Frozen Ramparts   |       |    15 |    29 |    37 ||    81
       Summon Ice Beast  |       |       |     3 |    29 ||    32
       Ozocubu's Armour  |       |       |     3 |    12 ||    15
       Hailstorm         |       |       |       |     6 ||     6
Evoke: Wand              |       |       |       |    11 ||    11
  Use: Scroll            |       |     2 |     4 |     2 ||     8
 Stab: Sleeping          |       |       |     3 |     2 ||     5
  Eat: Chunk             |     3 |     5 |    11 |    21 ||    40
       Ration            |       |       |     3 |     1 ||     4
Armor: Robe              |    17 |     5 |       |       ||    22
       Leather armour    |       |       |    75 |    60 ||   135
Dodge: Dodged            |    42 |    31 |   114 |    93 ||   280
